 Dungeon Crawl Stone Soup version 0.31-a0-700-gf13585253f (webtiles) character file.

Game seed: 11182574184600862875

880 Xavori the Sneak (level 8, 0/56 (59) HPs)
             Began as an Octopode Chaos Knight on Sept 7, 2023.
             Was a Plaything of Xom.
             Slain by Duvessa
             ... wielding a +3 rapier
              (6 damage)
             ... on level 5 of the Dungeon.
             The game lasted 00:03:47 (5501 turns).

Xavori the Sneak (Octopode Chaos Knight)            Turns: 5501, Time: 00:03:48

HP:   0/56 (59)     AC:  5    Str: 12    XL:     8   Next: 5%
MP:   8/8           EV: 14    Int: 14    God:    Xom [*.....]
Gold: 230           SH:  0    Dex: 13    Spells: 7/7 levels left

rFire   + . .        t - +1 dagger (speed)
rCold   . . .        (no shield)
rNeg    . . .        (helmet restricted)
rPois   .            (no amulet)
rElec   .            g - ring of see invisible
rCorr   .            (no ring)
SInv    +            (no ring)
Will    +....        (no ring)
Stlth   ++++         (no ring)
HPRegen 0.29/turn    (no ring)
MPRegen 0.11/turn    (no ring)
                     (no ring)

%: no passive effects
@: mighty, enlightened, flying, drained
A: almost no armour, amphibious, 8 rings, camouflage 1, gelatinous body 1,
(nimble swimmer 1), tentacles, iridescent scales 2, fire resistance 1, robust 1,
wild magic 1, noise suppression
a: Renounce Religion


You were on level 5 of the Dungeon.
You worshipped Xom.
You were a special plaything of Xom.
You visited 1 branch of the dungeon, and saw 5 of its levels.

You collected 230 gold pieces.

Inventory:

Hand Weapons
 a - a +0 short sword of chaos
 j - a +2 dagger of chaos
 t - a +1 dagger of speed (weapon)
 x - a +0 short sword of electrocution
Missiles
 u - a throwing net
Jewellery
 g - a ring of see invisible (left tentacle)
 w - a ring of ice
 B - a ring of protection from fire
Wands
 r - a wand of charming (4)
 y - a wand of flame (9)
Scrolls
 b - a scroll of butterflies
 c - 2 scrolls of poison {unknown}
 d - 2 scrolls of amnesia {unknown}
 e - 3 scrolls of teleportation
 h - 2 scrolls of revelation {unknown}
 k - a scroll of enchant weapon {unknown}
 l - a scroll of torment {unknown}
 q - 2 scrolls of identify {unknown}
 s - a scroll of silence {unknown}
 v - a scroll of brand weapon {unknown}
 A - a scroll of vulnerability {unknown}
Potions
 f - 2 potions of brilliance {unknown}
 i - a potion of mutation {unknown}
 m - a potion of curing {unknown}
 n - a potion of enlightenment
 o - a potion of might
 p - a potion of heal wounds {unknown}
 z - a potion of haste {unknown}


   Skills:
 + Level 4.2 Fighting
 + Level 5.7 Short Blades
 + Level 4.0 Dodging
 + Level 6.6 Stealth
 * Level 3.2 Evocations


You had 7 spell levels left.
You didn't know any spells.
Your spell library contained the following spells:

 Spells                   Type           Power      Damage    Failure   Level
 Apportation              Tloc           0%         N/A       36%         1
 Kiss of Death            Conj/Necr      0%         2d5       36%         1
 Necrotise                Necr           0%         1d4       36%         1
 Sting                    Tmut/Pois      0%         1d3       36%         1
 Summon Small Mammal      Summ           0%         N/A       36%         1
 Jinxbite                 Hex            0%         N/A       50%         2
 Poisonous Vapours        Pois/Air       0%         N/A       50%         2
 Scorch                   Fire           0%         2d5       50%         2
 Confusing Touch          Hex            0%         N/A       73%         3
 Volatile Blastmotes      Fire/Tloc      0%         2d10      73%         3
 Dispel Undead            Necr           0%         3d6       98%         4
 Flame Wave               Conj/Fire      0%         2d4       98%         4
 Fulminant Prism          Conj/Hex       0%         3d5       98%         4
 Iskenderun's Mystic Bla  Conj/Tloc      0%         2d3       98%         4
 Olgreb's Toxic Radiance  Pois           0%         N/A       98%         4
 Alistair's Intoxication  Tmut/Pois      0%         N/A       100%        5
 Summon Cactus Giant      Summ           0%         N/A       100%        6


Dungeon Overview and Level Annotations

Branches:
Dungeon (5/15)
 Temple: D:4-7

Altars:
Xom

Annotations:
D:5 Dowan, Duvessa


Innate Abilities, Weirdness & Mutations

You cannot wear most types of armour.
You are amphibious.
You can wear up to eight rings at the same time.
Your skin changes colour to match your surroundings (Stealth+).
Your rubbery body absorbs attacks. (AC +1, EV +1)
((You are camouflaged when in or above water. (Stealth+)))
You have tentacles for arms and can constrict up to eight enemies at once.
You are mostly covered in iridescent scales. (AC +4)
Your flesh is heat resistant. (rF+)
You are robust. (+10% HP)
Your spells are a little harder to cast, but a little more powerful.
You passively dampen the noise of your surroundings.


Message History

Dowan resists with significant effort.
You constrict Duvessa. "Over there now!"
Duvessa struggles to blink free from constriction.
Unknown command.
You hit Duvessa but do no damage. You squeeze Duvessa.
Duvessa is heavily wounded.
You constrict Duvessa, but do no damage.
Duvessa hits you with a +3 rapier!
* * * LOW HITPOINT WARNING * * *
Dowan gestures wildly while chanting.
Dowan blinks!
It was a potion of might.
You feel very mighty all of a sudden.
Xom is amused.
You constrict Duvessa, but do no damage.
Duvessa hits you with a +3 rapier!
* * * LOW HITPOINT WARNING * * *
Dowan gestures at Duvessa while chanting.
Duvessa seems to speed up.
You hit Duvessa but do no damage.
Duvessa is heavily wounded.
You constrict Duvessa. Duvessa completely misses you.
It was a potion of enlightenment.
You feel very buoyant.
You fly up into the air.
Xom thinks this is hilarious!
You constrict Duvessa. Dowan casts a spell at you.
The puff of flame misses you. Duvessa misses you.
Okay, then.
You hit Duvessa but do no damage.
Duvessa is severely wounded.
You constrict Duvessa. Duvessa completely misses you.
You hit Duvessa. You squeeze Duvessa.
Duvessa is almost dead.
You constrict Duvessa. You hit Duvessa but do no damage.
Duvessa is almost dead.
You constrict Duvessa. Duvessa hits you with a +3 rapier.
You die...

#..## # ..## . ..#
.# ..###### #.#
........ #..#
...##### #e$.# .###
##...# )## ###..#
†.# #.@e##
..########## #...#
...........## #..##
............# ##$#
...#######[.# #.#
..## #..# ##.# ...#
##..###..#
...######....##..##
#.....#......#....#


You could see Duvessa (fast) and Dowan.

Vanquished Creatures
  Edmund (D:5)
  3 ogres
  A phantom (D:3)
  A lemure (D:5)
  A bullfrog (D:5)
  A scorpion (D:4)
  2 hounds
  A sleepcap (D:5)
  An orc wizard (D:5)
  A gnoll (D:2)
  4 adders
  A white imp (D:5)
  An ufetubus (D:5)
  4 worms
  2 dart slugs (D:4)
  9 orcs (D:5)
  4 endoplasms
  3 giant cockroaches
  3 goblins
  7 hobgoblins
  4 kobolds
  3 quokkas
  4 ball pythons
  4 bats
  A frilled lizard (D:3)
  3 rats (D:2)
70 creatures vanquished.

Notes
Turn   | Place    | Note
-------+----------+-------------------------------------------
     0 | D:1      | Xavori the Octopode Chaos Knight began the quest for the
                  | Orb.
     0 | D:1      | Reached XP level 1. HP: 16/16 MP: 1/1
     5 | D:1      | XOM: divination: detect items
    96 | D:1      | Found a faded altar of an unknown god.
   153 | D:1      | XOM: silly message
   473 | D:1      | XOM: divination: detect creatures
  1020 | D:1      | XOM: silly message
  1438 | D:1      | XOM: silly message
  2042 | D:1      | XOM: summons 1 hostile demon
  2098 | D:2      | XOM: give mutations
  2098 | D:2      | Gained mutation: You are partially covered in iridescent
                  | scales. (AC +2) [Xom's grace]
  2098 | D:2      | Gained mutation: You are mostly covered in iridescent
                  | scales. (AC +4) [Xom's grace]
  2207 | D:2      | XOM: 1-stop teleportation journey
  2214 | D:2      | Reached XP level 2. HP: 21/21 MP: 2/2
  2317 | D:2      | XOM: scenery: create altars
  2360 | D:2      | XOM: polymorph quokka -> gnoll
  2364 | D:2      | Reached XP level 3. HP: 22/26 MP: 3/3
  2397 | D:2      | XOM: cloud trail
  2426 | D:2      | XOM: chaos upgrade
  2929 | D:2      | Reached skill level 1 in Stealth
  3029 | D:2      | Reached XP level 4. HP: 31/31 MP: 4/4
  3457 | D:3      | XOM: 7-stop teleportation journey
  3597 | D:3      | Noticed a phantom
  3602 | D:3      | XOM: cleaving
  3604 | D:3      | XOM: enchant monster (good)
  3725 | D:3      | Killed a phantom
  3726 | D:3      | Reached skill level 2 in Stealth
  3726 | D:3      | Reached XP level 5. HP: 26/37 MP: 5/5
  3727 | D:3      | XOM: give mutations
  3727 | D:3      | Gained mutation: Your flesh is heat resistant. (rF+) [Xom's
                  | grace]
  3727 | D:3      | Gained mutation: You are robust. (+10% HP) [Xom's grace]
  3727 | D:3      | Gained mutation: Your spells are a little harder to cast,
                  | but a little more powerful. [Xom's grace]
  3727 | D:3      | Gained mutation: You passively dampen the noise of your
                  | surroundings. [Xom's grace]
  4078 | D:4      | XOM: stealth player
  4094 | D:4      | Noticed an ogre
  4103 | D:4      | Killed an ogre
  4104 | D:4      | Reached skill level 3 in Stealth
  4104 | D:4      | Reached skill level 1 in Evocations
  4104 | D:4      | Reached XP level 6. HP: 47/47 MP: 6/6
  4308 | D:4      | XOM: 1-stop teleportation journey
  4353 | D:4      | Reached skill level 5 in Short Blades
  4353 | D:4      | Reached skill level 4 in Stealth
  4716 | D:5      | Entered Level 5 of the Dungeon
  4716 | D:5      | Noticed Edmund
  4728 | D:5      | Killed Edmund
  4729 | D:5      | Reached skill level 5 in Stealth
  4729 | D:5      | Reached XP level 7. HP: 35/52 MP: 7/7
  5081 | D:5      | Noticed Grinder
  5086 | D:5      | XOM: enchant monster (good)
  5089 | D:5      | Grinder changed into Grinder the lemure
  5089 | D:5      | Noticed Grinder
  5089 | D:5      | XOM: polymorph Grinder -> Grinder the lemure
  5098 | D:5      | Killed Grinder the lemure
  5193 | D:5      | Reached skill level 6 in Stealth
  5205 | D:5      | XOM: draining
  5241 | D:5      | XOM: god gift: book of Scorching
  5300 | D:5      | Reached XP level 8. HP: 51/55 MP: 8/8
  5480 | D:5      | Noticed Dowan
  5482 | D:5      | Noticed Duvessa
  5486 | D:5      | XOM: blink monster(s)
  5494 | D:5      | XOM: blink monster(s)
  5501 | D:5      | Slain by Duvessa

Illustrated notes

Levels and vault maps discovered:
D:1:      psy_arrival_dodecagon, layout_basic, basic_ecumenical_altar
D:2:      layout_basic, chequers_serial_rivers_micro_a, item_on_display_a
D:3:      layout_basic
D:4:      layout_rooms, minmay_misc_feat_roman, minivault_27,
          kennysheep_generic_room_2
D:5:      layout_layer_cave, uniq_grinder, uniq_duvessa, uniq_edmund

Skill      XL: |  1  2  3  4  5  6  7 |
---------------+----------------------+-----
Stealth        | 1 2 3 5 6 |  6.6
Short Blades   | 4 5 |  5.7
Dodging        | 3 4 |  4.0
Evocations     | 1 2 3 |  3.2
Fighting       | 4 |  4.2

Action                     |  1- 3 |  4- 6 |  7- 9 || total
---------------------------+-------+-------+-------++-------
  Melee: Short sword       |    27 |       |       ||    27
         Constrict         |    14 |     7 |    15 ||    36
         Tentacles         |    11 |    19 |    25 ||    55
         Punch             |     1 |     2 |     1 ||     4
         Dagger            |    30 |    70 |    72 ||   172
  Evoke: Wand              |       |       |     1 ||     1
    Use: Scroll            |       |       |     1 ||     1
         Potion            |       |       |     2 ||     2
   Stab: Sleeping          |     1 |    12 |     4 ||    17
         Paralysed         |     1 |       |       ||     1
         Confused          |       |     1 |       ||     1
 Armour: Skin              |    25 |    19 |    22 ||    66
  Dodge: Dodged            |    29 |    22 |    23 ||    74

Table legend: (Time is in decaauts)
 A = Elapsed time spent in this place.
 B = Non-inter-level travel time spent in this place.
 C = Inter-level travel time spent in this place.
 D = Time resting spent in this place.
 E = Time spent auto-exploring this place.
 F = Levels seen in this place.
 G = Mean time per level.
                   A        B        C        D        E       F      G
               +--------+--------+--------+--------+--------+-----+--------+
         Total |   5433 |   5266 |    167 |   1797 |   2959 |   5 | 1086.6 |
       Dungeon |   5433 |   5266 |    167 |   1797 |   2959 |   5 | 1086.6 |
               +--------+--------+--------+--------+--------+-----+--------+

Top non-repeatable levels by time:
     D:1: 2040 daAuts
     D:2: 1311 daAuts
     D:5: 742 daAuts
     D:3: 710 daAuts
     D:4: 629 daAuts
